[ AOE2 MATCH · #467703121 ]
UnrankedMagyars vs Cumans
[ REPLAY ANALYSIS · EXTRACTED FROM THE RECORDED GAME ]
Feudal
11:28
Castle
15:11
Imperial
31:44
| APM avg | 20.2 |
| APM peak | 50 |
| eAPM avg | 15.7 |
| Villagers / military | 115 / 269 |
Focus
⚔️ 46.6% · 🌾 53.4%
Magyar Huszar ×155 · Cavalry Archer ×77 · Mangonel ×34 · Trebuchet (Packed) ×2 · Monk ×1
Feudal
8:51
Castle
21:09
Imperial
31:06
| APM avg | 72.0 |
| APM peak | 136 |
| eAPM avg | 41.0 |
| Villagers / military | 142 / 375 |
Focus
⚔️ 48.7% · 🌾 51.3%
Spearman ×137 · Scout Cavalry ×104 · Cavalry Archer ×72 · Knight ×45 · Battering Ram ×13 · Trebuchet (Packed) ×2
Feudal
10:46
Castle
16:09
Imperial
30:24
| APM avg | 32.9 |
| APM peak | 98 |
| eAPM avg | 13.6 |
| Villagers / military | 135 / 183 |
Focus
⚔️ 29.5% · 🌾 70.5%
Knight ×181 · Trebuchet (Packed) ×2
Feudal
10:28
Castle
14:05
Imperial
28:48
| APM avg | 26.9 |
| APM peak | 70 |
| eAPM avg | 14.7 |
| Villagers / military | 127 / 255 |
Focus
⚔️ 29.2% · 🌾 70.8%
Eagle Scout ×184 · Spearman ×62 · Monk ×4 · Battering Ram ×4 · Trebuchet (Packed) ×1
Feudal
11:21
Castle
15:56
Imperial
32:24
| APM avg | 17.8 |
| APM peak | 35 |
| eAPM avg | 11.7 |
| Villagers / military | 145 / 57 |
Focus
⚔️ 24.6% · 🌾 75.4%
Gbeto ×33 · Camel Scout ×12 · Trade Cart ×7 · Spearman ×4 · Scout Cavalry ×4 · Mangonel ×3
Feudal
11:23
Castle
14:53
Imperial
31:22
| APM avg | 45.6 |
| APM peak | 92 |
| eAPM avg | 21.2 |
| Villagers / military | 140 / 361 |
Focus
⚔️ 41.7% · 🌾 58.3%
Scorpion ×273 · Centurion ×75 · Trebuchet (Packed) ×13
Feudal
11:33
Castle
15:08
Imperial
31:02
| APM avg | 40.4 |
| APM peak | 104 |
| eAPM avg | 22.1 |
| Villagers / military | 222 / 224 |
Focus
⚔️ 33.0% · 🌾 67.0%
Archer ×152 · Unknown (2550) ×45 · Spearman ×40 · Trade Cart ×17 · Unknown (2582) ×15 · Trebuchet (Packed) ×12
Feudal
10:31
Castle
14:08
Imperial
28:51
| APM avg | 29.5 |
| APM peak | 65 |
| eAPM avg | 18.0 |
| Villagers / military | 141 / 344 |
Focus
⚔️ 30.3% · 🌾 69.7%
Monaspa ×276 · Knight ×27 · Skirmisher ×19 · Trebuchet (Packed) ×16 · Monk ×4 · Spearman ×2
Match map
Initial resources + every placement click. Lines = walls · curves = elevation contours. ◆ gold · ⬟ stone · ● berries · ✦ relic · ◌ wall gap
Your base· ✓ Closed at 15:11 · 0t walls · 3 gate(s)
Taisst's base· ✓ Closed at 21:09 · 0t walls · 3 gate(s)
Fr4ggi's base· ✓ Closed at 16:09 · 0t walls · 2 gate(s)
choka60's base· ✓ Closed at 14:05 · 0t walls · 2 gate(s)
PJtheDcoy's base· ✓ Closed at 15:56 · 0t walls · 2 gate(s)
Kefka's base· ✓ Closed at 14:53 · 0t walls · 2 gate(s)
Quando's base· ✓ Closed at 15:08 · 0t walls · 2 gate(s)
Balgridor's base· ✓ Closed at 14:08 · 0t walls · 2 gate(s)
Smoothed initial terrain · ◌ = detected wall gap · hover for details
Inputs per minute
— Relief - - Taisst
Build order — Relief
First 150 of 558 actions detected
| 0:00 | Queue | Villager (Male) |
| 0:01 | Queue | Villager (Male) |
| 0:03 | Build | House |
| 0:05 | Build | House |
| 0:42 | Queue | Villager (Male) |
| 0:42 | Queue | Villager (Male) |
| 1:32 | Queue | Villager (Male) |
| 1:45 | Build | Lumber Camp |
| 2:02 | Queue | Villager (Male) |
| 2:14 | Queue | Villager (Male) |
| 2:50 | Queue | Villager (Male) |
| 3:09 | Queue | Villager (Male) |
| 3:39 | Queue | Villager (Male) |
| 3:56 | Build | House |
| 3:57 | Build | House |
| 4:01 | Queue | Villager (Male) |
| 4:14 | Build | Mill |
| 4:33 | Queue | Villager (Male) |
| 4:33 | Queue | Villager (Male) |
| 5:24 | Queue | Villager (Male) |
| 5:25 | Queue | Villager (Male) |
| 5:43 | Queue | Villager (Male) |
| 5:55 | Build | Farm |
| 5:57 | Queue | Villager (Male) |
| 6:08 | Build | Farm |
| 6:17 | Build | Farm |
| 6:18 | Queue | Villager (Male) |
| 6:50 | Queue | Villager (Male) |
| 7:10 | Queue | Villager (Male) |
| 7:17 | Build | House |
| 7:23 | Queue | Villager (Male) |
| 7:42 | Build | Mining Camp |
| 7:51 | Queue | Villager (Male) |
| 8:09 | Queue | Villager (Male) |
| 9:18 | Research | Feudal Age |
| 9:21 | Build | Mining Camp |
| 9:36 | Queue | Villager (Male) |
| 9:37 | Queue | Villager (Male) |
| 11:28 | Age | Feudal Age |
| 11:38 | Build | Market |
| 11:42 | Build | Blacksmith |
| 12:31 | Research | Castle Age |
| 12:58 | Build | House |
| 13:31 | Build | Farm |
| 13:55 | Build | Farm |
| 13:59 | Build | Farm |
| 14:11 | Research | Double-Bit Axe |
| 14:15 | Research | Horse Collar |
| 14:47 | Queue | Villager (Male) |
| 14:47 | Queue | Villager (Male) |
| 15:11 | Age | Castle Age |
| 15:16 | Build | Monastery |
| 15:52 | Build | Castle |
| 15:55 | Queue | Monk |
| 15:57 | Build | Farm |
| 16:00 | Queue | Villager (Male) |
| 16:01 | Queue | Villager (Male) |
| 16:29 | Queue | Villager (Male) |
| 17:03 | Queue | Villager (Male) |
| 17:10 | Build | Town Center |
| 17:12 | Queue | Villager (Male) |
| 17:36 | Queue | Villager (Male) |
| 17:50 | Research | Loom |
| 17:56 | Queue | Villager (Male) |
| 18:00 | Build | House |
| 18:06 | Queue | Villager (Male) |
| 18:17 | Build | Town Center |
| 18:18 | Queue | Villager (Male) |
| 18:30 | Build | Town Center |
| 18:32 | Queue | Villager (Male) |
| 18:37 | Build | House |
| 18:38 | Build | House |
| 18:40 | Build | House |
| 18:54 | Queue | Magyar Huszar |
| 18:54 | Queue | Magyar Huszar |
| 18:56 | Queue | Magyar Huszar |
| 18:59 | Queue | Villager (Male) |
| 19:00 | Queue | Villager (Male) |
| 19:14 | Build | Farm |
| 19:16 | Build | Farm |
| 19:19 | Build | Farm |
| 19:20 | Queue | Villager (Male) |
| 19:31 | Build | Farm |
| 19:35 | Queue | Villager (Male) |
| 19:37 | Queue | Villager (Male) |
| 19:43 | Queue | Magyar Huszar |
| 19:56 | Queue | Villager (Male) |
| 20:09 | Build | House |
| 20:16 | Build | Farm |
| 20:22 | Build | Farm |
| 20:37 | Queue | Villager (Male) |
| 20:37 | Queue | Villager (Male) |
| 20:37 | Queue | Villager (Male) |
| 20:38 | Queue | Villager (Male) |
| 20:57 | Queue | Villager (Male) |
| 21:12 | Build | Farm |
| 21:14 | Build | Farm |
| 21:17 | Build | House |
| 21:18 | Build | House |
| 21:21 | Build | House |
| 21:22 | Build | House |
| 21:23 | Queue | Villager (Male) |
| 21:23 | Queue | Villager (Male) |
| 21:32 | Build | Farm |
| 21:36 | Build | Farm |
| 21:39 | Build | Farm |
| 21:41 | Queue | Villager (Male) |
| 21:44 | Build | Farm |
| 21:48 | Queue | Villager (Male) |
| 22:07 | Build | Farm |
| 22:11 | Build | Farm |
| 22:16 | Build | Farm |
| 22:17 | Queue | Villager (Male) |
| 22:18 | Queue | Villager (Male) |
| 22:20 | Build | Farm |
| 22:28 | Build | Farm |
| 22:32 | Queue | Villager (Male) |
| 22:32 | Queue | Villager (Male) |
| 22:32 | Queue | Villager (Male) |
| 22:45 | Queue | Villager (Male) |
| 22:48 | Queue | Villager (Male) |
| 23:01 | Build | Farm |
| 23:10 | Queue | Villager (Male) |
| 23:22 | Queue | Villager (Male) |
| 23:23 | Queue | Villager (Male) |
| 23:29 | Build | Farm |
| 23:32 | Build | Farm |
| 23:34 | Build | House |
| 23:35 | Build | House |
| 23:37 | Queue | Villager (Male) |
| 23:37 | Queue | Villager (Male) |
| 23:47 | Build | Farm |
| 23:51 | Build | Farm |
| 23:54 | Build | Farm |
| 23:55 | Queue | Villager (Male) |
| 24:06 | Research | Bow Saw |
| 24:10 | Research | Heavy Plow |
| 24:15 | Queue | Villager (Male) |
| 24:16 | Queue | Villager (Male) |
| 24:21 | Build | Farm |
| 24:25 | Build | Farm |
| 24:28 | Queue | Villager (Male) |
| 24:29 | Queue | Villager (Male) |
| 24:33 | Build | House |
| 24:34 | Build | House |
| 25:02 | Build | Farm |
| 25:03 | Queue | Villager (Male) |
| 25:06 | Build | Farm |
| 25:09 | Queue | Villager (Male) |
| 25:09 | Queue | Villager (Male) |
Build order — Taisst
First 150 of 698 actions detected
| 0:00 | Queue | Villager (Male) |
| 0:01 | Queue | Villager (Male) |
| 0:01 | Queue | Villager (Male) |
| 0:01 | Queue | Villager (Male) |
| 0:02 | Build | House |
| 0:03 | Build | House |
| 1:29 | Queue | Villager (Male) |
| 1:56 | Queue | Villager (Male) |
| 2:04 | Queue | Villager (Male) |
| 2:08 | Build | House |
| 2:30 | Queue | Villager (Male) |
| 2:58 | Build | Lumber Camp |
| 3:20 | Queue | Villager (Male) |
| 3:21 | Queue | Villager (Male) |
| 3:21 | Queue | Villager (Male) |
| 4:00 | Queue | Villager (Male) |
| 4:00 | Queue | Villager (Male) |
| 4:00 | Queue | Villager (Male) |
| 5:13 | Queue | Villager (Male) |
| 5:34 | Queue | Villager (Male) |
| 5:34 | Queue | Villager (Male) |
| 5:34 | Queue | Villager (Male) |
| 5:43 | Build | Mill |
| 6:39 | Research | Feudal Age |
| 8:00 | Queue | Villager (Male) |
| 8:07 | Build | House |
| 8:51 | Age | Feudal Age |
| 8:54 | Build | Town Center |
| 8:58 | Queue | Villager (Male) |
| 9:17 | Queue | Villager (Male) |
| 9:17 | Queue | Villager (Male) |
| 9:36 | Queue | Villager (Male) |
| 9:49 | Build | House |
| 10:28 | Build | House |
| 10:34 | Queue | Villager (Male) |
| 10:36 | Queue | Villager (Male) |
| 10:36 | Queue | Villager (Male) |
| 10:37 | Queue | Villager (Male) |
| 10:37 | Queue | Villager (Male) |
| 10:37 | Queue | Villager (Male) |
| 10:58 | Research | Horse Collar |
| 11:03 | Build | House |
| 11:22 | Research | Double-Bit Axe |
| 11:38 | Build | House |
| 11:45 | Build | Farm |
| 12:08 | Build | House |
| 12:13 | Queue | Villager (Male) |
| 12:14 | Queue | Villager (Male) |
| 12:15 | Build | Farm |
| 12:19 | Build | Farm |
| 12:21 | Build | Farm |
| 12:25 | Queue | Villager (Male) |
| 12:26 | Build | Farm |
| 12:28 | Build | Farm |
| 12:32 | Queue | Villager (Male) |
| 12:43 | Queue | Villager (Male) |
| 12:43 | Queue | Villager (Male) |
| 12:49 | Build | Farm |
| 12:51 | Build | Farm |
| 12:54 | Build | Farm |
| 13:02 | Build | Farm |
| 13:08 | Queue | Villager (Male) |
| 13:09 | Queue | Villager (Male) |
| 13:16 | Build | Farm |
| 13:23 | Queue | Villager (Male) |
| 13:26 | Build | Farm |
| 13:31 | Build | Farm |
| 13:41 | Build | Farm |
| 13:46 | Queue | Villager (Male) |
| 13:49 | Build | Farm |
| 13:57 | Build | Farm |
| 14:04 | Queue | Villager (Male) |
| 14:13 | Queue | Villager (Male) |
| 14:13 | Queue | Villager (Male) |
| 14:18 | Build | Farm |
| 14:20 | Build | Farm |
| 14:22 | Queue | Villager (Male) |
| 14:27 | Build | Farm |
| 14:45 | Queue | Villager (Male) |
| 14:45 | Queue | Villager (Male) |
| 14:47 | Build | Farm |
| 14:57 | Queue | Villager (Male) |
| 14:57 | Queue | Villager (Male) |
| 14:58 | Queue | Villager (Male) |
| 15:04 | Build | Mining Camp |
| 15:09 | Build | Farm |
| 15:11 | Queue | Villager (Male) |
| 15:15 | Build | House |
| 15:16 | Build | House |
| 15:37 | Research | Wheelbarrow |
| 15:37 | Research | Wheelbarrow |
| 15:44 | Research | Gold Mining |
| 15:45 | Research | Gold Mining |
| 15:47 | Build | Farm |
| 15:52 | Build | Farm |
| 15:56 | Build | Farm |
| 15:59 | Build | Farm |
| 16:10 | Queue | Villager (Male) |
| 16:10 | Queue | Villager (Male) |
| 16:27 | Build | Barracks |
| 17:05 | Build | Blacksmith |
| 17:08 | Queue | Villager (Male) |
| 17:19 | Build | Stable |
| 17:22 | Queue | Villager (Male) |
| 17:22 | Queue | Villager (Male) |
| 17:31 | Queue | Villager (Male) |
| 17:39 | Build | Lumber Camp |
| 17:42 | Build | Farm |
| 17:44 | Build | Farm |
| 17:53 | Build | Farm |
| 17:54 | Queue | Villager (Male) |
| 17:54 | Queue | Villager (Male) |
| 18:05 | Build | Farm |
| 18:17 | Research | Castle Age |
| 18:35 | Build | Archery Range |
| 18:36 | Research | Bloodlines |
| 18:39 | Research | Fletching |
| 18:56 | Queue | Villager (Male) |
| 18:56 | Queue | Villager (Male) |
| 19:12 | Build | Archery Range |
| 19:39 | Build | Archery Range |
| 20:44 | Research | Padded Archer Armor |
| 21:09 | Age | Castle Age |
| 21:12 | Build | University |
| 21:13 | Queue | Cavalry Archer |
| 21:14 | Queue | Cavalry Archer |
| 21:14 | Queue | Cavalry Archer |
| 21:14 | Queue | Cavalry Archer |
| 21:15 | Research | Bodkin Arrow |
| 21:15 | Research | Bodkin Arrow |
| 21:16 | Research | Bow Saw |
| 21:17 | Queue | Villager (Male) |
| 21:21 | Build | Archery Range |
| 21:27 | Build | Town Center |
| 21:29 | Queue | Villager (Male) |
| 21:30 | Queue | Villager (Male) |
| 21:32 | Research | Hand Cart |
| 21:33 | Research | Leather Archer Armor |
| 21:46 | Queue | Cavalry Archer |
| 21:46 | Queue | Cavalry Archer |
| 22:00 | Build | House |
| 22:06 | Build | House |
| 22:07 | Build | House |
| 22:46 | Queue | Villager (Male) |
| 22:46 | Queue | Villager (Male) |
| 22:46 | Queue | Villager (Male) |
| 22:48 | Queue | Cavalry Archer |
| 22:48 | Queue | Cavalry Archer |
| 22:55 | Build | Market |
| 23:01 | Queue | Cavalry Archer |
Build order — Fr4ggi
First 150 of 370 actions detected
| 0:01 | Queue | Villager (Male) |
| 0:03 | Build | House |
| 0:06 | Build | House |
| 0:07 | Queue | Villager (Male) |
| 0:07 | Queue | Villager (Male) |
| 1:14 | Queue | Villager (Male) |
| 1:14 | Queue | Villager (Male) |
| 1:27 | Queue | Villager (Male) |
| 1:47 | Build | Lumber Camp |
| 2:10 | Queue | Villager (Male) |
| 2:38 | Queue | Villager (Male) |
| 3:18 | Queue | Villager (Male) |
| 3:18 | Queue | Villager (Male) |
| 3:24 | Build | House |
| 3:34 | Queue | Villager (Male) |
| 4:13 | Build | Mill |
| 4:19 | Queue | Villager (Male) |
| 4:19 | Queue | Villager (Male) |
| 4:19 | Queue | Villager (Male) |
| 5:07 | Queue | Villager (Male) |
| 5:07 | Queue | Villager (Male) |
| 5:38 | Queue | Villager (Male) |
| 6:07 | Build | House |
| 6:12 | Queue | Villager (Male) |
| 6:41 | Queue | Villager (Male) |
| 6:55 | Queue | Villager (Male) |
| 7:17 | Build | Farm |
| 7:21 | Build | Farm |
| 7:54 | Queue | Villager (Male) |
| 7:55 | Queue | Villager (Male) |
| 8:17 | Build | Farm |
| 8:23 | Build | Mining Camp |
| 8:26 | Queue | Villager (Male) |
| 8:29 | Research | Feudal Age |
| 9:16 | Build | Barracks |
| 9:18 | Build | House |
| 10:04 | Queue | Villager (Male) |
| 10:26 | Build | Farm |
| 10:45 | Queue | Villager (Male) |
| 10:46 | Age | Feudal Age |
| 10:54 | Build | Stable |
| 11:12 | Build | Farm |
| 11:13 | Queue | Villager (Male) |
| 11:35 | Build | House |
| 11:48 | Queue | Villager (Male) |
| 12:26 | Build | Blacksmith |
| 12:58 | Queue | Villager (Male) |
| 13:12 | Queue | Villager (Male) |
| 13:28 | Research | Castle Age |
| 13:31 | Build | Farm |
| 13:42 | Build | House |
| 13:45 | Research | Double-Bit Axe |
| 13:54 | Build | Farm |
| 14:16 | Research | Bloodlines |
| 14:21 | Research | Bloodlines |
| 14:45 | Build | Farm |
| 14:45 | Build | Farm |
| 14:45 | Build | Farm |
| 14:45 | Build | Farm |
| 14:55 | Research | Horse Collar |
| 15:01 | Research | Scale Barding Armor |
| 15:56 | Build | Farm |
| 15:59 | Queue | Villager (Male) |
| 16:04 | Research | Forging |
| 16:09 | Age | Castle Age |
| 16:19 | Build | Town Center |
| 16:28 | Build | Town Center |
| 16:32 | Queue | Villager (Male) |
| 16:39 | Queue | Villager (Male) |
| 16:46 | Queue | Knight |
| 16:54 | Research | Gold Mining |
| 17:05 | Queue | Villager (Male) |
| 17:23 | Queue | Knight |
| 17:36 | Build | House |
| 17:38 | Queue | Villager (Male) |
| 17:44 | Build | Farm |
| 17:46 | Queue | Knight |
| 17:48 | Queue | Villager (Male) |
| 17:55 | Build | Farm |
| 17:57 | Build | Farm |
| 17:58 | Queue | Villager (Male) |
| 18:18 | Build | Farm |
| 18:20 | Build | Farm |
| 18:23 | Queue | Villager (Male) |
| 18:44 | Build | House |
| 18:45 | Build | House |
| 18:48 | Queue | Knight |
| 19:16 | Build | Farm |
| 19:17 | Queue | Villager (Male) |
| 19:20 | Build | Mining Camp |
| 19:23 | Queue | Villager (Male) |
| 19:24 | Queue | Villager (Male) |
| 19:25 | Queue | Villager (Male) |
| 19:38 | Build | Town Center |
| 19:43 | Queue | Villager (Male) |
| 20:00 | Build | Farm |
| 20:09 | Queue | Villager (Male) |
| 20:10 | Queue | Villager (Male) |
| 20:42 | Build | Farm |
| 20:43 | Queue | Villager (Male) |
| 20:43 | Queue | Villager (Male) |
| 20:48 | Research | Wheelbarrow |
| 20:51 | Queue | Knight |
| 21:18 | Build | Farm |
| 21:22 | Build | Farm |
| 21:24 | Queue | Villager (Male) |
| 21:25 | Queue | Villager (Male) |
| 21:28 | Queue | Villager (Male) |
| 21:28 | Queue | Villager (Male) |
| 21:35 | Research | Stone Mining |
| 21:37 | Queue | Villager (Male) |
| 21:41 | Queue | Knight |
| 22:04 | Queue | Villager (Male) |
| 22:04 | Queue | Villager (Male) |
| 22:21 | Build | Farm |
| 22:24 | Build | Farm |
| 22:27 | Build | Farm |
| 22:29 | Queue | Villager (Male) |
| 22:29 | Queue | Villager (Male) |
| 23:10 | Build | House |
| 23:12 | Build | House |
| 23:13 | Build | House |
| 23:16 | Queue | Knight |
| 23:25 | Queue | Villager (Male) |
| 23:25 | Queue | Villager (Male) |
| 23:25 | Queue | Villager (Male) |
| 23:29 | Queue | Villager (Male) |
| 23:29 | Queue | Villager (Male) |
| 23:30 | Queue | Villager (Male) |
| 23:45 | Build | Siege Workshop |
| 23:50 | Queue | Villager (Male) |
| 23:55 | Queue | Villager (Male) |
| 24:01 | Build | House |
| 24:02 | Build | House |
| 24:03 | Build | House |
| 24:05 | Build | House |
| 24:06 | Build | House |
| 24:10 | Research | Bow Saw |
| 24:16 | Research | Heavy Plow |
| 24:25 | Build | University |
| 24:38 | Build | Farm |
| 24:39 | Queue | Villager (Male) |
| 24:39 | Queue | Villager (Male) |
| 24:42 | Research | Hand Cart |
| 24:43 | Queue | Villager (Male) |
| 24:43 | Queue | Villager (Male) |
| 24:44 | Queue | Villager (Male) |
| 24:49 | Queue | Villager (Male) |
| 24:50 | Queue | Villager (Male) |
| 24:50 | Queue | Villager (Male) |
Build order — choka60
First 150 of 377 actions detected
| 0:02 | Queue | Villager (Male) |
| 0:02 | Queue | Villager (Male) |
| 0:03 | Queue | Villager (Male) |
| 0:05 | Build | House |
| 0:07 | Build | House |
| 0:38 | Queue | Villager (Male) |
| 1:26 | Queue | Villager (Male) |
| 1:48 | Build | Lumber Camp |
| 2:13 | Queue | Villager (Male) |
| 2:28 | Queue | Villager (Male) |
| 2:54 | Queue | Villager (Male) |
| 3:09 | Build | House |
| 3:10 | Build | House |
| 3:40 | Queue | Villager (Male) |
| 4:08 | Queue | Villager (Male) |
| 4:17 | Build | Mill |
| 4:20 | Queue | Villager (Male) |
| 4:57 | Queue | Villager (Male) |
| 5:06 | Queue | Villager (Male) |
| 5:34 | Queue | Villager (Male) |
| 5:50 | Queue | Villager (Male) |
| 5:56 | Build | Farm |
| 6:18 | Queue | Villager (Male) |
| 6:31 | Build | Farm |
| 6:34 | Queue | Villager (Male) |
| 7:01 | Queue | Villager (Male) |
| 7:39 | Queue | Villager (Male) |
| 7:45 | Build | Mining Camp |
| 8:13 | Research | Feudal Age |
| 8:42 | Queue | Villager (Male) |
| 8:44 | Queue | Villager (Male) |
| 10:28 | Age | Feudal Age |
| 10:32 | Build | Market |
| 10:35 | Build | Blacksmith |
| 10:41 | Queue | Villager (Male) |
| 11:25 | Research | Castle Age |
| 12:19 | Build | Farm |
| 12:22 | Build | Farm |
| 12:26 | Build | Farm |
| 12:29 | Build | Farm |
| 12:37 | Research | Double-Bit Axe |
| 12:40 | Research | Horse Collar |
| 13:18 | Queue | Villager (Male) |
| 13:43 | Build | House |
| 13:46 | Build | House |
| 14:05 | Age | Castle Age |
| 14:09 | Research | Town Watch |
| 14:16 | Build | Siege Workshop |
| 14:22 | Build | Monastery |
| 14:27 | Queue | Villager (Male) |
| 14:42 | Build | House |
| 14:46 | Queue | Villager (Male) |
| 15:11 | Queue | Battering Ram |
| 15:27 | Research | Gold Mining |
| 15:28 | Queue | Villager (Male) |
| 15:48 | Queue | Monk |
| 16:12 | Build | Farm |
| 16:19 | Queue | Villager (Male) |
| 16:26 | Queue | Battering Ram |
| 16:51 | Queue | Villager (Male) |
| 16:55 | Queue | Monk |
| 17:03 | Queue | Villager (Male) |
| 17:10 | Queue | Battering Ram |
| 17:45 | Queue | Villager (Male) |
| 18:04 | Build | Farm |
| 18:06 | Queue | Villager (Male) |
| 18:09 | Build | Farm |
| 18:10 | Build | Farm |
| 18:10 | Build | Farm |
| 18:10 | Build | Farm |
| 18:37 | Queue | Monk |
| 18:50 | Queue | Monk |
| 18:51 | Queue | Villager (Male) |
| 18:52 | Queue | Villager (Male) |
| 19:03 | Build | Farm |
| 19:04 | Build | Farm |
| 19:04 | Build | Farm |
| 19:04 | Build | Farm |
| 19:14 | Queue | Villager (Male) |
| 19:37 | Build | Town Center |
| 19:41 | Queue | Villager (Male) |
| 19:56 | Queue | Villager (Male) |
| 20:06 | Build | House |
| 20:49 | Build | House |
| 20:57 | Queue | Villager (Male) |
| 20:58 | Queue | Villager (Male) |
| 21:11 | Queue | Villager (Male) |
| 21:18 | Queue | Villager (Male) |
| 21:18 | Queue | Villager (Male) |
| 21:24 | Build | House |
| 21:26 | Build | House |
| 21:27 | Build | House |
| 21:39 | Build | Farm |
| 21:39 | Build | Farm |
| 21:39 | Build | Farm |
| 21:40 | Build | Farm |
| 21:53 | Build | Farm |
| 21:54 | Queue | Villager (Male) |
| 21:56 | Queue | Villager (Male) |
| 22:00 | Build | Farm |
| 22:16 | Queue | Villager (Male) |
| 22:17 | Queue | Villager (Male) |
| 22:28 | Build | Mining Camp |
| 22:33 | Queue | Villager (Male) |
| 22:34 | Queue | Villager (Male) |
| 22:38 | Build | House |
| 22:52 | Queue | Villager (Male) |
| 23:07 | Queue | Villager (Male) |
| 23:10 | Build | House |
| 23:11 | Build | House |
| 23:13 | Build | House |
| 23:15 | Queue | Villager (Male) |
| 23:22 | Build | Town Center |
| 23:37 | Build | Palisade Wall |
| 23:44 | Queue | Villager (Male) |
| 24:03 | Queue | Villager (Male) |
| 24:04 | Queue | Villager (Male) |
| 24:15 | Build | House |
| 24:37 | Queue | Villager (Male) |
| 24:42 | Build | Barracks |
| 24:48 | Queue | Villager (Male) |
| 24:49 | Queue | Villager (Male) |
| 24:49 | Queue | Villager (Male) |
| 24:50 | Queue | Villager (Male) |
| 24:57 | Build | Farm |
| 24:57 | Build | Farm |
| 25:02 | Research | Imperial Age |
| 25:06 | Research | Wheelbarrow |
| 25:35 | Build | Barracks |
| 25:39 | Research | Loom |
| 26:02 | Research | Squires |
| 26:03 | Research | Arson |
| 26:07 | Research | Scale Mail Armor |
| 26:08 | Research | Forging |
| 26:09 | Queue | Villager (Male) |
| 26:23 | Build | House |
| 26:28 | Queue | Villager (Male) |
| 26:29 | Queue | Villager (Male) |
| 26:38 | Research | Eagle Warrior (upgrade) |
| 26:41 | Build | Barracks |
| 26:44 | Queue | Villager (Male) |
| 26:47 | Build | Farm |
| 26:49 | Build | Farm |
| 26:55 | Build | Farm |
| 27:12 | Queue | Eagle Scout |
| 27:13 | Queue | Eagle Scout |
| 27:22 | Queue | Villager (Male) |
| 27:23 | Queue | Villager (Male) |
| 27:32 | Build | Farm |
| 27:32 | Build | Farm |
Build order — PJtheDcoy
First 150 of 293 actions detected
| 0:01 | Queue | Villager (Male) |
| 0:01 | Queue | Villager (Male) |
| 0:01 | Queue | Villager (Male) |
| 0:02 | Queue | Villager (Male) |
| 0:03 | Build | House |
| 0:04 | Build | House |
| 1:31 | Queue | Villager (Male) |
| 1:46 | Build | Lumber Camp |
| 2:03 | Queue | Villager (Male) |
| 2:25 | Queue | Villager (Male) |
| 2:51 | Queue | Villager (Male) |
| 3:09 | Queue | Villager (Male) |
| 3:20 | Build | House |
| 3:27 | Build | House |
| 3:40 | Queue | Villager (Male) |
| 4:04 | Queue | Villager (Male) |
| 4:32 | Queue | Villager (Male) |
| 4:55 | Queue | Villager (Male) |
| 5:24 | Queue | Villager (Male) |
| 5:40 | Build | Mill |
| 5:45 | Queue | Villager (Male) |
| 5:45 | Queue | Villager (Male) |
| 5:46 | Queue | Villager (Male) |
| 7:06 | Queue | Villager (Male) |
| 7:07 | Queue | Villager (Male) |
| 7:07 | Queue | Villager (Male) |
| 7:08 | Queue | Villager (Male) |
| 7:14 | Build | House |
| 7:18 | Build | Mining Camp |
| 7:21 | Build | Mining Camp |
| 7:29 | Build | Mining Camp |
| 8:27 | Queue | Villager (Male) |
| 9:07 | Research | Feudal Age |
| 10:02 | Queue | Villager (Male) |
| 10:02 | Queue | Villager (Male) |
| 10:08 | Queue | Villager (Male) |
| 10:08 | Research | Loom |
| 11:21 | Age | Feudal Age |
| 11:27 | Build | Market |
| 11:41 | Build | Blacksmith |
| 11:46 | Build | Farm |
| 11:47 | Build | Farm |
| 11:48 | Build | Farm |
| 11:49 | Build | Farm |
| 13:16 | Research | Castle Age |
| 13:45 | Build | House |
| 13:46 | Build | House |
| 13:47 | Build | Barracks |
| 14:43 | Research | Horse Collar |
| 14:46 | Research | Double-Bit Axe |
| 14:50 | Build | Farm |
| 14:51 | Build | Farm |
| 14:52 | Build | Farm |
| 14:53 | Build | Farm |
| 14:55 | Build | Farm |
| 14:57 | Build | Farm |
| 15:29 | Build | Farm |
| 15:40 | Queue | Villager (Male) |
| 15:40 | Queue | Villager (Male) |
| 15:56 | Age | Castle Age |
| 15:59 | Build | Castle |
| 16:23 | Queue | Villager (Male) |
| 16:23 | Queue | Villager (Male) |
| 17:03 | Build | Farm |
| 17:04 | Build | Farm |
| 17:11 | Build | Farm |
| 17:12 | Build | Farm |
| 17:13 | Build | Farm |
| 17:14 | Build | Farm |
| 17:15 | Build | Farm |
| 17:18 | Queue | Villager (Male) |
| 17:42 | Build | Mining Camp |
| 17:43 | Queue | Gbeto |
| 17:43 | Queue | Gbeto |
| 17:45 | Queue | Gbeto |
| 17:46 | Queue | Gbeto |
| 17:50 | Research | Squires |
| 18:00 | Queue | Villager (Male) |
| 18:15 | Queue | Gbeto |
| 18:32 | Queue | Villager (Male) |
| 18:39 | Queue | Gbeto |
| 18:56 | Queue | Villager (Male) |
| 19:03 | Build | Town Center |
| 19:08 | Queue | Villager (Male) |
| 19:27 | Build | Siege Workshop |
| 19:29 | Queue | Gbeto |
| 19:29 | Queue | Gbeto |
| 19:30 | Queue | Gbeto |
| 19:46 | Queue | Villager (Male) |
| 19:56 | Queue | Villager (Male) |
| 20:41 | Queue | Gbeto |
| 20:41 | Queue | Gbeto |
| 21:12 | Queue | Battering Ram |
| 21:20 | Queue | Gbeto ×5 |
| 22:16 | Research | Arson |
| 22:18 | Queue | Gbeto |
| 22:18 | Queue | Gbeto |
| 22:28 | Queue | Villager (Male) ×5 |
| 22:42 | Build | Farm |
| 22:43 | Build | Farm |
| 22:44 | Build | Farm |
| 22:46 | Build | Farm |
| 23:05 | Queue | Gbeto |
| 23:05 | Queue | Gbeto |
| 23:08 | Queue | Gbeto |
| 23:09 | Queue | Gbeto |
| 23:23 | Research | Scale Mail Armor |
| 23:30 | Queue | Villager (Male) |
| 23:59 | Queue | Mangonel |
| 24:06 | Queue | Gbeto |
| 24:06 | Queue | Gbeto |
| 24:14 | Research | Gold Mining |
| 24:16 | Queue | Villager (Male) |
| 24:16 | Queue | Villager (Male) |
| 24:19 | Queue | Villager (Male) |
| 24:19 | Queue | Villager (Male) |
| 24:42 | Research | Forging |
| 25:32 | Queue | Mangonel |
| 25:34 | Queue | Gbeto |
| 25:34 | Queue | Gbeto |
| 25:54 | Queue | Villager (Male) ×5 |
| 25:54 | Queue | Villager (Male) |
| 26:33 | Queue | Mangonel |
| 27:09 | Research | Wheelbarrow |
| 27:09 | Queue | Villager (Male) |
| 27:09 | Queue | Villager (Male) |
| 27:14 | Build | Farm |
| 27:15 | Build | Farm |
| 27:28 | Queue | Villager (Male) |
| 27:28 | Queue | Villager (Male) |
| 27:29 | Queue | Villager (Male) |
| 27:30 | Queue | Villager (Male) |
| 28:24 | Build | Town Center |
| 28:27 | Build | Farm |
| 28:28 | Build | Farm |
| 28:29 | Build | Farm |
| 28:30 | Build | Farm |
| 29:14 | Research | Imperial Age |
| 29:22 | Queue | Villager (Male) |
| 29:22 | Queue | Villager (Male) |
| 29:43 | Research | Heavy Plow |
| 29:48 | Build | Farm |
| 30:08 | Research | Bow Saw |
| 30:12 | Queue | Villager (Male) |
| 30:21 | Queue | Villager (Male) |
| 30:21 | Queue | Villager (Male) |
| 30:44 | Queue | Gbeto |
| 30:44 | Queue | Gbeto |
| 30:45 | Queue | Gbeto |
| 30:48 | Queue | Villager (Male) |
Build order — Kefka
First 150 of 320 actions detected
| 0:00 | Queue | Villager (Male) |
| 0:01 | Queue | Villager (Male) |
| 0:01 | Queue | Villager (Male) |
| 0:02 | Build | House |
| 0:03 | Build | House |
| 0:53 | Queue | Villager (Male) |
| 0:54 | Queue | Villager (Male) |
| 1:26 | Queue | Villager (Male) |
| 1:26 | Queue | Villager (Male) |
| 1:38 | Queue | Villager (Male) |
| 1:39 | Queue | Villager (Male) |
| 1:44 | Build | Lumber Camp |
| 2:08 | Queue | Villager (Male) |
| 2:09 | Queue | Villager (Male) |
| 2:40 | Queue | Villager (Male) |
| 3:10 | Queue | Villager (Male) |
| 3:10 | Queue | Villager (Male) |
| 3:31 | Queue | Villager (Male) |
| 3:31 | Queue | Villager (Male) |
| 4:00 | Queue | Villager (Male) |
| 4:00 | Queue | Villager (Male) |
| 4:08 | Build | House |
| 4:16 | Queue | Villager (Male) |
| 4:30 | Queue | Villager (Male) |
| 4:41 | Build | Mill |
| 4:43 | Build | House |
| 5:03 | Queue | Villager (Male) |
| 5:03 | Queue | Villager (Male) |
| 5:28 | Queue | Villager (Male) |
| 5:28 | Queue | Villager (Male) |
| 5:47 | Queue | Villager (Male) |
| 5:48 | Queue | Villager (Male) |
| 6:17 | Build | Farm |
| 6:52 | Queue | Villager (Male) |
| 6:53 | Queue | Villager (Male) |
| 6:58 | Build | Farm |
| 7:17 | Queue | Villager (Male) |
| 7:17 | Queue | Villager (Male) |
| 7:21 | Build | Farm |
| 8:06 | Build | House |
| 8:52 | Build | Mining Camp |
| 9:05 | Queue | Villager (Male) |
| 9:08 | Research | Feudal Age |
| 9:29 | Build | Farm |
| 10:00 | Queue | Villager (Male) |
| 10:00 | Queue | Villager (Male) |
| 11:04 | Build | House |
| 11:23 | Age | Feudal Age |
| 11:25 | Build | Market |
| 11:28 | Build | Blacksmith |
| 11:34 | Build | House |
| 12:05 | Build | Farm |
| 12:08 | Research | Double-Bit Axe |
| 12:09 | Research | Castle Age |
| 12:12 | Research | Horse Collar |
| 12:43 | Queue | Villager (Male) |
| 12:43 | Queue | Villager (Male) |
| 12:58 | Build | House |
| 13:26 | Build | House |
| 13:37 | Build | Farm |
| 13:39 | Build | Farm |
| 13:56 | Build | House |
| 14:27 | Build | House |
| 14:53 | Age | Castle Age |
| 14:55 | Build | Town Center |
| 15:01 | Build | Town Center |
| 15:13 | Build | House |
| 15:17 | Research | Wheelbarrow |
| 15:19 | Research | Bow Saw |
| 15:32 | Queue | Villager (Male) |
| 15:38 | Build | Farm |
| 15:50 | Build | House |
| 15:59 | Queue | Villager (Male) |
| 16:04 | Queue | Villager (Male) |
| 16:07 | Queue | Villager (Male) ×4 |
| 16:15 | Build | Farm |
| 16:18 | Build | Farm |
| 16:21 | Build | House |
| 16:42 | Build | Farm |
| 16:45 | Build | Farm |
| 16:48 | Build | Farm |
| 16:51 | Build | House |
| 16:52 | Queue | Villager (Male) ×3 |
| 16:57 | Build | Farm |
| 17:10 | Build | Farm |
| 17:13 | Build | Farm |
| 17:14 | Queue | Villager (Male) |
| 17:22 | Build | House |
| 17:25 | Queue | Villager (Male) |
| 17:42 | Build | Siege Workshop |
| 17:58 | Build | House |
| 18:01 | Queue | Villager (Male) ×3 |
| 18:06 | Build | Farm |
| 18:14 | Build | Farm |
| 18:18 | Build | Farm |
| 18:18 | Queue | Villager (Male) ×3 |
| 18:23 | Build | Farm |
| 18:29 | Build | Farm |
| 18:30 | Queue | Villager (Male) |
| 18:39 | Build | Farm |
| 18:42 | Build | Farm |
| 18:44 | Queue | Villager (Male) ×2 |
| 18:51 | Queue | Villager (Male) |
| 18:56 | Build | Farm |
| 19:03 | Build | Farm |
| 19:04 | Queue | Villager (Male) |
| 19:06 | Build | Farm |
| 19:13 | Queue | Scorpion |
| 19:18 | Queue | Villager (Male) ×2 |
| 19:31 | Queue | Scorpion |
| 19:38 | Build | Siege Workshop |
| 19:45 | Build | Stone Wall |
| 19:46 | Build | Stone Wall |
| 19:54 | Build | House |
| 20:35 | Queue | Villager (Male) ×5 |
| 20:44 | Queue | Scorpion ×3 |
| 20:50 | Build | Mining Camp |
| 20:54 | Build | House |
| 21:08 | Queue | Villager (Male) ×5 |
| 21:18 | Queue | Scorpion ×3 |
| 21:24 | Queue | Scorpion |
| 21:36 | Queue | Scorpion |
| 21:40 | Queue | Villager (Male) ×5 |
| 22:05 | Queue | Scorpion ×5 |
| 22:21 | Build | Siege Workshop |
| 22:44 | Queue | Scorpion ×5 |
| 22:44 | Queue | Scorpion ×5 |
| 22:45 | Queue | Scorpion ×4 |
| 22:52 | Build | House |
| 22:58 | Queue | Villager (Male) ×5 |
| 23:25 | Build | Stone Wall |
| 23:32 | Queue | Scorpion ×2 |
| 23:32 | Queue | Scorpion ×2 |
| 23:50 | Queue | Villager (Male) ×5 |
| 23:51 | Queue | Villager (Male) ×5 |
| 24:00 | Build | Farm |
| 24:00 | Build | Farm |
| 24:01 | Build | Farm |
| 24:12 | Build | University |
| 24:14 | Queue | Villager (Male) ×5 |
| 24:49 | Queue | Scorpion ×3 |
| 24:57 | Research | Heavy Plow |
| 24:58 | Research | Gold Mining |
| 25:04 | Queue | Villager (Male) ×5 |
| 25:14 | Queue | Scorpion |
| 25:14 | Queue | Scorpion |
| 25:58 | Build | Castle |
| 26:16 | Build | House |
| 26:17 | Build | House |
| 26:17 | Build | House |
Build order — Quando
First 150 of 489 actions detected
| 0:00 | Queue | Villager (Male) |
| 0:00 | Queue | Villager (Male) |
| 0:01 | Queue | Villager (Male) |
| 0:02 | Build | House |
| 0:03 | Build | House |
| 0:28 | Queue | Villager (Male) |
| 1:05 | Queue | Villager (Male) |
| 1:40 | Queue | Villager (Male) |
| 1:51 | Build | Settlement |
| 2:21 | Queue | Villager (Male) |
| 2:22 | Queue | Villager (Male) |
| 3:12 | Queue | Villager (Male) |
| 3:36 | Queue | Villager (Male) |
| 3:37 | Queue | Villager (Male) |
| 3:50 | Queue | Villager (Male) |
| 4:25 | Queue | Villager (Male) |
| 4:38 | Build | House |
| 5:25 | Queue | Villager (Male) |
| 5:38 | Queue | Villager (Male) |
| 5:53 | Queue | Villager (Male) |
| 5:58 | Queue | Villager (Male) |
| 6:19 | Queue | Villager (Male) |
| 6:21 | Build | Farm |
| 6:50 | Build | Farm |
| 6:54 | Queue | Villager (Male) |
| 7:09 | Build | Farm |
| 7:18 | Queue | Villager (Male) |
| 7:38 | Queue | Villager (Male) |
| 7:44 | Build | Farm |
| 7:47 | Build | Farm |
| 8:06 | Queue | Villager (Male) |
| 8:28 | Build | House |
| 9:02 | Research | Feudal Age |
| 9:14 | Build | Settlement |
| 9:58 | Queue | Villager (Male) |
| 9:58 | Queue | Villager (Male) |
| 11:33 | Age | Feudal Age |
| 11:35 | Build | Blacksmith |
| 11:38 | Build | Market |
| 12:05 | Research | Double-Bit Axe |
| 12:28 | Research | Castle Age |
| 12:32 | Research | Horse Collar |
| 13:12 | Build | House |
| 13:23 | Build | Barracks |
| 13:35 | Queue | Villager (Male) |
| 14:01 | Build | House |
| 14:24 | Queue | Unit 2550 |
| 14:50 | Build | House |
| 15:08 | Age | Castle Age |
| 15:09 | Build | Monastery |
| 15:13 | Build | Town Center |
| 15:15 | Queue | Villager (Male) |
| 15:47 | Build | Town Center |
| 15:48 | Queue | Villager (Male) |
| 15:55 | Queue | Monk |
| 15:59 | Queue | Unit 2582 |
| 16:09 | Build | House |
| 16:10 | Build | House |
| 16:19 | Queue | Villager (Male) |
| 16:19 | Queue | Villager (Male) |
| 16:28 | Build | House |
| 16:29 | Build | House |
| 16:32 | Queue | Villager (Male) |
| 16:32 | Queue | Villager (Male) |
| 16:34 | Research | Wheelbarrow |
| 16:45 | Queue | Unit 2582 |
| 16:47 | Research | Squires |
| 16:48 | Queue | Unit 2582 |
| 17:12 | Queue | Villager (Male) |
| 17:12 | Queue | Villager (Male) |
| 17:29 | Queue | Unit 2582 |
| 17:41 | Build | House |
| 17:42 | Build | Siege Workshop |
| 17:57 | Queue | Villager (Male) |
| 17:57 | Queue | Villager (Male) |
| 17:58 | Queue | Villager (Male) |
| 18:02 | Queue | Monk |
| 18:28 | Build | Farm |
| 18:29 | Build | Farm |
| 18:29 | Build | Farm |
| 18:29 | Build | Farm |
| 18:29 | Build | Farm |
| 18:29 | Build | Farm |
| 18:48 | Build | Farm |
| 18:49 | Build | Farm |
| 18:51 | Queue | Villager (Male) |
| 19:01 | Build | Farm |
| 19:02 | Build | Farm |
| 19:04 | Build | Farm |
| 19:06 | Build | House |
| 19:07 | Build | House |
| 19:09 | Queue | Monk |
| 19:18 | Queue | Villager (Male) |
| 19:33 | Queue | Monk |
| 19:37 | Queue | Unit 2582 |
| 19:43 | Queue | Villager (Male) |
| 19:50 | Queue | Villager (Male) |
| 19:55 | Build | Farm |
| 19:55 | Build | Farm |
| 19:55 | Build | Farm |
| 19:55 | Build | Farm |
| 20:14 | Queue | Villager (Male) |
| 20:14 | Queue | Villager (Male) |
| 20:33 | Queue | Villager (Male) |
| 20:33 | Queue | Villager (Male) |
| 20:34 | Queue | Villager (Male) |
| 20:35 | Queue | Monk |
| 20:47 | Queue | Villager (Male) |
| 20:47 | Queue | Villager (Male) |
| 20:51 | Build | Farm |
| 20:51 | Build | Farm |
| 20:51 | Build | Farm |
| 20:52 | Build | Farm |
| 20:52 | Build | Farm |
| 20:52 | Build | Farm |
| 20:55 | Build | House |
| 20:55 | Build | House |
| 20:57 | Queue | Monk |
| 21:14 | Queue | Villager (Male) |
| 21:14 | Queue | Villager (Male) |
| 21:14 | Queue | Villager (Male) |
| 21:15 | Queue | Villager (Male) |
| 21:17 | Build | Farm |
| 21:20 | Build | Farm |
| 21:24 | Build | Farm |
| 21:26 | Queue | Villager (Male) |
| 21:26 | Queue | Villager (Male) |
| 21:42 | Queue | Villager (Male) |
| 21:42 | Queue | Villager (Male) |
| 21:45 | Research | Loom |
| 21:53 | Build | Farm |
| 21:57 | Research | Heavy Plow |
| 22:14 | Build | House |
| 22:15 | Build | House |
| 22:16 | Build | House |
| 22:23 | Queue | Villager (Male) |
| 22:23 | Queue | Villager (Male) |
| 22:23 | Queue | Villager (Male) |
| 22:33 | Research | Sanctity |
| 22:43 | Queue | Villager (Male) |
| 22:44 | Queue | Villager (Male) |
| 22:44 | Queue | Villager (Male) |
| 22:49 | Queue | Villager (Male) |
| 22:49 | Queue | Villager (Male) |
| 22:51 | Build | Farm |
| 22:51 | Build | Farm |
| 22:52 | Build | Farm |
| 22:52 | Build | Farm |
| 22:52 | Build | Farm |
| 22:53 | Build | Settlement |
Build order — Balgridor
First 150 of 429 actions detected
| 0:00 | Queue | Villager (Male) |
| 0:03 | Build | House |
| 0:05 | Build | House |
| 0:06 | Queue | Villager (Male) |
| 0:16 | Queue | Villager (Male) |
| 0:20 | Queue | Villager (Male) |
| 1:31 | Queue | Villager (Male) |
| 2:02 | Queue | Villager (Male) |
| 2:19 | Queue | Villager (Male) |
| 2:48 | Queue | Villager (Male) |
| 3:05 | Queue | Villager (Male) |
| 3:31 | Build | House |
| 3:32 | Build | House |
| 3:33 | Build | House |
| 3:36 | Queue | Villager (Male) |
| 3:52 | Queue | Villager (Male) |
| 3:54 | Build | Mill |
| 3:56 | Queue | Villager (Male) |
| 4:32 | Queue | Villager (Male) |
| 5:15 | Queue | Villager (Male) |
| 5:43 | Queue | Villager (Male) |
| 5:44 | Queue | Villager (Male) |
| 6:13 | Queue | Villager (Male) |
| 6:29 | Build | Farm |
| 6:44 | Queue | Villager (Male) |
| 6:48 | Build | Farm |
| 6:52 | Build | Farm |
| 6:55 | Queue | Villager (Male) |
| 7:18 | Queue | Villager (Male) |
| 8:09 | Build | Mule Cart |
| 8:15 | Research | Feudal Age |
| 8:26 | Queue | Villager (Male) |
| 8:44 | Queue | Villager (Male) |
| 9:19 | Build | Farm |
| 10:31 | Age | Feudal Age |
| 10:40 | Build | Market |
| 10:44 | Build | Blacksmith |
| 11:28 | Research | Castle Age |
| 11:35 | Research | Double-Bit Axe |
| 11:56 | Research | Horse Collar |
| 12:03 | Queue | Villager (Male) |
| 12:04 | Queue | Villager (Male) |
| 14:08 | Age | Castle Age |
| 14:11 | Build | Town Center |
| 14:16 | Build | Town Center |
| 14:26 | Research | Bow Saw |
| 14:32 | Build | House |
| 14:33 | Build | House |
| 14:38 | Queue | Villager (Male) |
| 15:02 | Queue | Villager (Male) |
| 15:10 | Research | Heavy Plow |
| 15:26 | Build | Farm |
| 15:28 | Queue | Villager (Male) |
| 15:33 | Queue | Villager (Male) |
| 15:35 | Build | Farm |
| 15:43 | Queue | Villager (Male) |
| 15:47 | Queue | Villager (Male) |
| 15:53 | Build | House |
| 15:55 | Build | House |
| 15:58 | Queue | Villager (Male) |
| 16:07 | Build | Farm |
| 16:11 | Queue | Villager (Male) |
| 16:17 | Build | Farm |
| 16:25 | Queue | Villager (Male) |
| 16:25 | Queue | Villager (Male) |
| 16:30 | Build | Farm |
| 16:45 | Build | Farm |
| 16:45 | Build | Farm |
| 16:45 | Build | Farm |
| 16:48 | Queue | Villager (Male) |
| 16:54 | Build | Farm |
| 16:56 | Build | House |
| 16:57 | Build | House |
| 17:04 | Build | Farm |
| 17:06 | Build | Farm |
| 17:08 | Queue | Villager (Male) |
| 17:16 | Build | Farm |
| 17:17 | Queue | Villager (Male) |
| 17:20 | Build | Farm |
| 17:27 | Build | Farm |
| 17:35 | Queue | Villager (Male) |
| 17:40 | Build | Farm |
| 17:40 | Queue | Villager (Male) |
| 17:42 | Build | Farm |
| 17:51 | Build | Farm |
| 17:56 | Build | House |
| 17:58 | Build | House |
| 18:00 | Queue | Villager (Male) |
| 18:04 | Build | Farm |
| 18:05 | Queue | Villager (Male) |
| 18:08 | Build | Farm |
| 18:21 | Queue | Villager (Male) |
| 18:22 | Queue | Villager (Male) |
| 18:22 | Queue | Villager (Male) |
| 18:22 | Queue | Villager (Male) |
| 18:43 | Build | Monastery |
| 18:49 | Research | Wheelbarrow |
| 18:53 | Build | House |
| 18:54 | Build | House |
| 18:56 | Build | House |
| 18:57 | Build | House |
| 19:00 | Build | House |
| 19:01 | Queue | Villager (Male) |
| 19:03 | Queue | Villager (Male) |
| 19:06 | Queue | Villager (Male) |
| 19:12 | Build | Farm |
| 19:16 | Build | Farm |
| 19:21 | Queue | Villager (Male) |
| 19:25 | Queue | Villager (Male) |
| 19:28 | Queue | Villager (Male) |
| 19:36 | Build | Farm |
| 19:37 | Build | Farm |
| 19:39 | Build | Farm |
| 19:42 | Research | Loom |
| 19:44 | Queue | Villager (Male) |
| 20:04 | Queue | Villager (Male) |
| 20:09 | Queue | Monk |
| 20:14 | Queue | Villager (Male) |
| 20:22 | Build | Barracks |
| 20:24 | Build | House |
| 20:37 | Queue | Villager (Male) |
| 20:39 | Research | Hand Cart |
| 20:41 | Queue | Villager (Male) |
| 20:46 | Build | Farm |
| 20:53 | Build | Farm |
| 20:54 | Queue | Villager (Male) |
| 20:57 | Research | Gold Mining |
| 21:01 | Queue | Villager (Male) |
| 21:01 | Queue | Villager (Male) |
| 21:05 | Build | Farm |
| 21:12 | Queue | Villager (Male) |
| 21:27 | Research | Town Watch |
| 21:30 | Queue | Spearman |
| 21:36 | Queue | Monk |
| 21:37 | Queue | Villager (Male) |
| 21:47 | Build | Monastery |
| 21:51 | Queue | Villager (Male) |
| 21:51 | Queue | Villager (Male) |
| 21:58 | Build | Stable |
| 22:03 | Queue | Villager (Male) |
| 22:16 | Queue | Villager (Male) |
| 22:17 | Queue | Villager (Male) |
| 22:31 | Build | Town Center |
| 22:40 | Queue | Villager (Male) |
| 22:40 | Queue | Villager (Male) |
| 22:40 | Queue | Villager (Male) |
| 22:51 | Queue | Monk |
| 22:51 | Queue | Monk |
| 22:55 | Queue | Villager (Male) |
| 22:56 | Queue | Villager (Male) |
Match timeline
| 8:51 | Taisst · age_up feudal |
| 9:16 | Fr4ggi · first_building Barracks |
| 10:28 | choka60 · age_up feudal |
| 10:31 | Balgridor · age_up feudal |
| 10:46 | Fr4ggi · age_up feudal |
| 10:54 | Fr4ggi · first_building Stable |
| 11:21 | PJtheDcoy · age_up feudal |
| 11:23 | Kefka · age_up feudal |
| 11:28 | Relief · age_up feudal |
| 11:33 | Quando · age_up feudal |
| 13:23 | Quando · first_building Barracks |
| 13:47 | PJtheDcoy · first_building Barracks |
| 14:05 | choka60 · age_up castle |
| 14:08 | Balgridor · age_up castle |
| 14:16 | choka60 · first_building Siege Workshop |
| 14:22 | choka60 · first_building Monastery |
| 14:53 | Kefka · age_up castle |
| 15:08 | Quando · age_up castle |
| 15:09 | Quando · first_building Monastery |
| 15:11 | Relief · age_up castle |
| 15:16 | Relief · first_building Monastery |
| 15:20 | Balgridor · first_market_buy 100 food |
| 15:35 | Kefka · first_market_buy 100 food |
| 15:52 | Relief · first_building Castle |
| 15:56 | PJtheDcoy · age_up castle |
| 15:59 | PJtheDcoy · first_building Castle |
| 16:09 | Fr4ggi · age_up castle |
| 16:27 | Taisst · first_building Barracks |
| 17:09 | choka60 · first_market_sell 100 food |
| 17:19 | Taisst · first_building Stable |
| 17:42 | Kefka · first_building Siege Workshop |
| 17:42 | Quando · first_building Siege Workshop |
| 18:35 | Taisst · first_building Archery Range |
| 18:43 | Balgridor · first_building Monastery |
| 19:27 | PJtheDcoy · first_building Siege Workshop |
| 19:45 | Kefka · wall_segment Stone Wall x1 |
| 19:46 | Kefka · wall_segment Stone Wall x1 |
| 20:22 | Balgridor · first_building Barracks |
| 21:09 | Taisst · age_up castle |
| 21:16 | Kefka · first_market_sell 100 food |
| 21:18 | PJtheDcoy · first_market_sell 100 food |
| 21:58 | Balgridor · first_building Stable |
| 23:15 | Quando · first_market_buy 100 stone |
| 23:25 | Kefka · wall_segment Stone Wall x8 |
| 23:37 | choka60 · wall_segment Palisade Wall x2 |
| 23:45 | Fr4ggi · first_building Siege Workshop |
| 24:15 | Taisst · first_market_sell 100 food |
| 24:42 | choka60 · first_building Barracks |
| 25:52 | Relief · first_building Barracks |
| 25:58 | Kefka · first_building Castle |
| 27:06 | Quando · first_building Archery Range |
| 27:12 | Kefka · first_building Barracks |
| 27:13 | Taisst · first_building Monastery |
| 27:19 | Balgridor · first_building Castle |
| 27:27 | Taisst · first_building Siege Workshop |
| 27:52 | Relief · first_building Archery Range |
| 28:48 | choka60 · age_up imperial |
| 28:48 | Quando · first_market_sell 100 food |
| 28:49 | Relief · first_building Stable |
| 28:49 | Taisst · first_market_buy 100 stone |
| 28:51 | Quando · first_building Castle |
| 28:51 | Balgridor · age_up imperial |
| 30:04 | Balgridor · first_building Siege Workshop |
| 30:22 | Balgridor · first_building Archery Range |
| 30:24 | Fr4ggi · age_up imperial |
| 31:02 | Quando · age_up imperial |
| 31:06 | Taisst · age_up imperial |
| 31:22 | Kefka · age_up imperial |
| 31:44 | Relief · age_up imperial |
| 32:00 | PJtheDcoy · first_building Stable |
| 32:24 | PJtheDcoy · age_up imperial |
| 34:13 | choka60 · first_building Castle |
| 36:49 | choka60 · first_building Archery Range |
| 38:12 | Relief · first_building Siege Workshop |
| 38:26 | PJtheDcoy · wall_segment Stone Wall x1 |
| 39:33 | Fr4ggi · first_building Castle |
| 42:33 | Balgridor · first_market_sell 500 wood |
| 43:18 | choka60 · wall_segment Stone Wall x2 |
| 44:33 | Kefka · tribute_sent a jugador 1 |
| 44:33 | Kefka · tribute_sent a jugador 2 |
| 44:33 | Kefka · tribute_sent a jugador 3 |
| 44:33 | Kefka · tribute_sent a jugador 4 |
| 44:33 | Kefka · tribute_sent a jugador 6 |
| 44:33 | Kefka · tribute_sent a jugador 7 |
| 44:33 | Kefka · tribute_sent a jugador 8 |
| 45:19 | Relief · first_market_sell 500 food |
| 47:00 | Taisst · first_building Castle |
| 47:03 | Fr4ggi · first_market_sell 500 wood |
| 48:06 | Quando · wall_segment Stone Wall x11 |
| 51:18 | Relief · resign |
[ AI ANALYSIS · 1 CREDIT ]
What really happened in this match?
Wolo.gg analyzes every decision: build order, eco, micro, common mistakes by bracket. Personalized analysis on WhatsApp or Discord in 30 seconds.
Civ guide
Magyars
Perfil
Jugador #2141671